 Dungeon Crawl Stone Soup version 0.26.0-10-g1f06aea511 (console) character file.

Game seed: 14039513169354781217

15 doot the Grave Robber (level 2, 0/15 HPs)
             Began as a Deep Elf Necromancer on Feb 6, 2021.
             Slain by a dart slug (1 damage)
             ... on level 2 of the Dungeon.
             The game lasted 00:00:39 (628 turns).

doot the Grave Robber (Deep Elf Necromancer)         Turns: 628, Time: 00:00:39

Health: 0/15       AC:  2    Str:  5    XL:     2   Next: 34%
Magic:  3/8        EV: 13    Int: 19    God:
Gold:   27         SH:  0    Dex: 15    Spells: 5/7 levels left

rFire    . . .     SeeInvis .   b - +0 dagger
rCold    . . .     Faith    .   (no shield)
rNeg     . . .     Spirit   .   a - +0 robe
rPois    .         Reflect  .   (no helmet)
rElec    .         Harm     .   (no cloak)
rCorr    .         Rampage  .   (no gloves)
Will     .....                  (no boots)
Stlth    ++........             (no amulet)
HPRegen  0.05/turn              (no ring)
MPRegen  0.11/turn              (no ring)

@: no status effects
A: no striking features
a: no special abilities


You were on level 2 of the Dungeon.
You visited 1 branch of the dungeon, and saw 3 of its levels.

You collected 27 gold pieces.

Inventory:

Hand Weapons
 b - a +0 dagger (weapon)
Armour
 a - a +0 robe (worn)
Scrolls
 c - a scroll of noise {unknown}
 d - 4 scrolls of identify {unknown}
 e - a scroll of magic mapping {unknown}


   Skills:
 + Level 2.4 Dodging
 + Level 2.6 Stealth
 + Level 3.3 Spellcasting
 + Level 5.3 Necromancy


You had 5 spell levels left.
You knew the following spells:

 Your Spells              Type           Power        Failure   Level
a - Pain                  Necr           92%          1%          1
b - Animate Skeleton      Necr           46%          1%          1

Your spell library contained the following spells:

 Spells                   Type           Power        Failure   Level
 Vampiric Draining        Necr           11%          4%          3
 Animate Dead             Necr           11%          16%         4
 Agony                    Necr           23%          41%         5


Dungeon Overview and Level Annotations

Branches:
Dungeon (3/15)

Altars:


Message History

Confirm with . or Enter, or press ? or * to list all spells.
Aiming: Pain (safe; 1% risk of failure)
Press: ? - help, Shift-Dir - straight line, f/p - orc
Aim: an orc, wielding a +0 short sword (lightly wounded, chance to affect: 92%)
The orc writhes in agony!
You kill the orc!
Unknown command.
Casting: Pain (safe; 1% risk of failure)
Confirm with . or Enter, or press ? or * to list all spells.
Aiming: Pain (safe; 1% risk of failure)
Press: ? - help, Shift-Dir - straight line, f - dart slug
Aim: a dart slug (chance to affect: 92%)
The dart slug barely resists.
The dart slug barely misses you.
Casting: Pain (safe; 1% risk of failure)
Confirm with . or Enter, or press ? or * to list all spells.
Aiming: Pain (safe; 1% risk of failure)
Press: ? - help, Shift-Dir - straight line, f/p - dart slug
Aim: a dart slug (chance to affect: 92%)
The dart slug writhes in agony.
The dart slug bites you.
You die...

#.# # #.#
#.##############.# ###
#................#...
###..........#..#.#####
#..........+.........
####..!.......#..#####.##
#...†....######......<...
#........##........######
#......).##.............#
#.......@++..............
#.......w##........#.####
#........##........#.....
#........##....)...#.....
#........##........#.####
#........# #########....<
#........# #.....
###...#### +..... #...#
#..... #...# .......
#...# ##......


You could see a dart slug.

Vanquished Creatures
  A leopard gecko (D:2)
  An orc (D:2)
  3 bats (D:2)
  A giant cockroach (D:2)
  3 hobgoblins
  A frilled lizard (D:2)
  A kobold (D:2)
11 creatures vanquished.

Notes
Turn   | Place    | Note
-------+----------+-------------------------------------------
     0 | D:1      | doot the Deep Elf Necromancer began the quest for the Orb.
     0 | D:1      | Reached XP level 1. HP: 10/10 MP: 6/6
    86 | D:2      | Reached skill level 5 in Necromancy
   169 | D:2      | Learned a level 1 spell: Animate Skeleton
   309 | D:2      | Reached XP level 2. HP: 12/15 MP: 5/8
   628 | D:2      | Slain by a dart slug

Illustrated notes

Levels and vault maps discovered:
D:1:      lemuel_arrival_hallway, layout_rooms, serial_corexii_hall,
          chequers_hall_statues_corner_a, corexii_hall_statues_x,
          chequers_serial_rivers_micro_e, minmay_liquid_box
D:2:      layout_basic, kennysheep_path_1
D:3:      layout_basic, chequers_ecumenical_altar_island, grunt_ministairs_1,
          uniq_natasha, uniq_sigmund

Skill      XL: |  1 |
---------------+----+-----
Necromancy     | 5 |  5.3
Dodging        | |  2.4
Stealth        | |  2.6
Spellcasting   | |  3.3

Action                   || total
-------------------------++-------
 Cast: Pain              ||    22
Armor: Robe              ||     1
Dodge: Dodged            ||     6
